 Dungeon Crawl Stone Soup version 0.23.1 (console) character file.

Game seed: 0

1771706 farkougg the Conqueror (level 27, 231/245 HPs)
             Began as a Minotaur Berserker on Mar 2, 2019.
             Was an Elder of Trog.
             Escaped with the Orb
             ... and 3 runes on Mar 8, 2019!
             The game lasted 07:14:51 (69117 turns).

farkougg the Conqueror (Minotaur Berserker)        Turns: 69117, Time: 07:14:52

Health: 231/245    AC: 51    Str: 39    XL:     27
Magic:  25/25      EV: 25    Int: 19    God:    Trog [****..]
Gold:   5942       SH: 24    Dex: 15    Spells: 26/26 levels left

rFire    + + +     SeeInvis +   a - +6 broad axe {chop, +Blink rElec Str+4 Dex-2}
rCold    + + +     Gourm    .   u - +2 shield {rC+}
rNeg     + . .     Faith    .   r - +12 gold dragon scales
rPois    +         Spirit   .   v - +0 hat
rElec    +         Reflect  +   V - scarf {rC+ rF+}
rCorr    +         Harm     .   N - +2 pair of gloves "Kyedghank" {*Contam rCorr Int+10 Dex-4}
MR       ++++.     Clarity  +   s - +1 pair of boots {run} Stlth ..........Rnd*Tele +
                                m - amulet "Ledaq" {Reflect rC+ MR+ Str+3 Dex+3 SH+3}
HPRegen  0.50/turn              e - ring "Irros" {rF+ MR+ Int+5}
MPRegen  0.19/turn              Y - ring "Mogudeefu" {rF- rC+ rN+ Str+3 SInv}

@: glowing, quick
A: retaliatory headbutt, horns 2, thin metallic scales 1, yellow scales 2, see
invisible, clarity, fire resistance 1, frail 1, low mp 1, sense surroundings 1,
strong 1, teleportitis 2
0: Orb of Zot
}: 3/15 runes: serpentine, barnacled, silver
a: Berserk, Trog's Hand, Brothers in Arms, Renounce Religion, Evoke Blink


You escaped.
You worshipped Trog.
Trog was greatly pleased with you.
You were not hungry.

You visited 9 branches of the dungeon, and saw 49 of its levels.
You visited the Abyss 1 time.
You visited 1 bazaar.
You also visited: Ossuary and Gauntlet.

You collected 9158 gold pieces.
You spent 3216 gold pieces at shops.

Inventory:

Hand Weapons
 a - the +6 broad axe of the Princes (weapon) {chop, +Blink rElec Str+4 Dex-2}
   (Trog gifted it to you on level 5 of the Depths)

   It inflicts extra damage upon your enemies.
   It affects your strength (+4).
   It affects your dexterity (-2).
   It insulates you from electricity.
   It lets you blink.
 b - a +5 antimagic war axe
 w - a +3 blowgun
Missiles
 i - 22 curare-tipped needles
 y - 2 silver javelins
 R - 7 poisoned javelins (quivered)
Armour
 r - +12 gold dragon scales (worn)
 s - a +1 pair of boots of running (worn)
 u - a +2 shield of cold resistance (worn)
 v - a +0 hat (worn)
 N - the +2 pair of gloves "Kyedghank" (worn) {*Contam rCorr Int+10 Dex-4}
   (You acquired it on level 4 of the Vaults)

   It affects your intelligence (+10).
   It affects your dexterity (-4).
   It causes magical contamination when unequipped.
   It provides partial protection from all sources of acid and corrosion.
 V - a scarf of resistance (worn)
Jewellery
 d - an uncursed ring of positive energy
 e - the ring "Irros" (left hand) {rF+ MR+ Int+5}
   (You found it on level 3 of the Realm of Zot)

   [ring of intelligence]

   It affects your intelligence (+5).
   It protects you from fire.
   It affects your resistance to hostile enchantments.
 m - the amulet "Ledaq" (around neck) {Reflect rC+ MR+ Str+3 Dex+3 SH+3}
   (You found it on level 3 of the Realm of Zot)

   [amulet of reflection]

   It shields you and reflects attacks.
   It affects your strength (+3).
   It affects your dexterity (+3).
   It protects you from cold.
   It affects your resistance to hostile enchantments.
   It affects your SH (+3).
 o - an uncursed ring of resist corrosion
 q - the cursed ring "Nemeibyz" {rC+ MR++ EV-2}
   (You bought it in a shop on level 2 of the Elven Halls)

   [ring of evasion]

   It affects your evasion (-2).
   It protects you from cold.
   It affects your resistance to hostile enchantments.
   It has a curse placed upon it.
 D - the amulet "Ymoa" {*Corrode rF+++ Regen+ Dex+3 Stlth+}
   (You found it on level 3 of the Elven Halls)

   [amulet of regeneration]

   It affects your dexterity (+3).
   It renders you almost immune to fire.
   It increases your rate of regeneration.
   It may corrode you when you take damage.
   It makes you more stealthy.
 J - an uncursed amulet of the acrobat
 L - the ring of Qaky {Fire rElec Int+2 Stlth-}
   (You found it on level 10 of the Dungeon)

   [ring of fire]

   It enhances your fire magic.
   It affects your intelligence (+2).
   It protects you from fire.
   It makes you vulnerable to cold.
   It insulates you from electricity.
   It makes you less stealthy.
 Y - the ring "Mogudeefu" (right hand) {rF- rC+ rN+ Str+3 SInv}
   (You found it in a Gauntlet)

   [ring of protection from cold]

   It affects your strength (+3).
   It makes you vulnerable to fire.
   It protects you from cold.
   It protects you from negative energy.
   It lets you see invisible.
Wands
 t - a wand of iceblast (34)
 z - a wand of flame (14)
 F - a wand of disintegration (42)
 G - a wand of acid (15)
 P - a wand of digging (18)
Scrolls
 g - 2 scrolls of fear
 h - 22 scrolls of teleportation
 j - 5 scrolls of blinking
 l - 11 scrolls of identify
 p - a scroll of immolation
 x - 29 scrolls of remove curse
 K - 2 scrolls of silence
 T - 3 scrolls of magic mapping
Potions
 f - 4 potions of mutation
 A - 3 potions of resistance
 C - 9 potions of curing
 E - 3 potions of cancellation
 H - 5 potions of flight
 Z - a potion of haste
Miscellaneous
 S - a lightning rod (4/4)
Comestibles
 c - 52 rations


   Skills:
 O Level 27 Fighting
 - Level 21.0 Axes
 - Level 12.0 Throwing
 O Level 27 Armour
 + Level 26.7 Dodging
 + Level 22.8 Shields
 - Level 8.0 Evocations


You had 26 spell levels left.
You didn't know any spells.
Your spell library was empty.

Dungeon Overview and Level Annotations

Branches:
Dungeon (15/15)            Temple (0/1) D:7            Lair (6/6) D:9
 Shoals (4/4) Lair:4        Snake (4/4) Lair:2        Slime (0/5) Lair:5
    Orc (2/2) D:12            Elf (3/3) Orc:2        Vaults (5/5) D:13
  Crypt (0/3) Vaults:2     Depths (5/5) D:15            Zot (5/5) Depths:5

Altars:
Ashenzari
Elyvilon
Gozag
Hepliaklqana
Makhleb
Okawaru
Qazlal
Ru
Sif Muna
Uskayaw
Wu Jian
Beogh

Shops:
D:4 ?   D:12 =   D:14 (   Orc:2 (:[((   Elf:1 (   Elf:2 }=}(   Elf:3 :}
Vaults:4 *}   Vaults:5 (   Depths:3 [

Portals:
Hell: Depths:1 Depths:2 Depths:3 Depths:4 Depths:5
Abyss: Depths:1
Pandemonium: Depths:1 Depths:2 Depths:3
Ziggurat: Depths:3

Annotations:
D:6 1 exclusion
Elf:3 exclusion: door
Vaults:3 exclusion: 2 doors
Depths:4 exclusion: orange crystal statue


Innate Abilities, Weirdness & Mutations

You reflexively headbutt those who attack you in melee.
You have a pair of horns on your head.
You are partially covered in thin metallic scales. (AC +2)
You are mostly covered in yellow scales. (AC +3)
You have supernaturally acute eyesight. (SInv)
You possess an exceptional clarity of mind.
Your flesh is heat resistant. (rF+)
You are frail. (-10% HP)
Your magical capacity is low. (-10% MP)
You passively map a small area around you.
Your muscles are strong. (Str +2)
You are sometimes teleported next to monsters.


Message History

HP restored.
A sun demon comes into view.
The sun demon shouts!
You hit the sun demon but do no damage. You headbutt the sun demon!!
The sun demon is moderately wounded.
You block the sun demon's attack.
You slice the sun demon!! Your headbutt misses the sun demon.
The sun demon is severely wounded.
You block the sun demon's attack.
You closely miss the sun demon. You headbutt the sun demon!
The sun demon is almost dead.
You hit the sun demon.
You kill the sun demon!
Trog accepts your kill.
You see here a robe.
A daeva comes into view.
It is wielding a +2 long sword of holy wrath.
There is a staircase leading out of the dungeon here.
The daeva calls down the wrath of the Shining One upon you.
The Shining One smites you!
You have escaped!

.####....####....##
..##......##..[...#
..##..##..##..##..#
..##..##..##..##..#
..##..##..##..##..#
..##..##).##..##..##
[.....##......#...A#
#....####....##....#
###### ########@.##
####


You could see a daeva.

Vanquished Creatures
  8 orbs of fire
  A juggernaut (Depths:2)
  7 ancient liches
  Bai Suzhen (Depths:1)
  2 Killer Klowns (Zot:4)
  Margery (Vaults:4)
  Xtahua (Vaults:1)
  4 caustic shrikes (Depths:3)
  5 golden dragons
  2 curse toes
  Jory (Depths:5)
  A profane servitor (Abyss:4)
  A bone dragon (Abyss:4)
  3 electric golems
  13 tentacled monstrosities
  4 liches
  Jorgrun (Shoals:3)
  A Hell Sentinel (Zot:3)
  26 Orb Guardians
  4 quicksilver dragons
  4 deep elf blademasters
  4 titans
  8 acid blobs (Zot:2)
  4 deep elf master archers (Elf:3)
  2 Executioners (Abyss:4)
  An ancient champion (Vaults:2)
  8 death cobs
  7 sphinxes
  A kraken (Shoals:3)
  11 tentacled starspawn
  12 shadow dragons
  Kirke (Lair:5)
  7 tengu reavers
  5 draconian monks
  11 storm dragons
  3 nagarajas (Snake:4)
  6 draconian knights
  11 deep elf sorcerers
  6 fire giants
  16 frost giants
  19 vault wardens
  2 cacodemons
  5 draconian scorchers
  A balrug (Abyss:5)
  Aizul (Snake:4)
  3 ghost moths
  4 draconian shifters
  A juggernaut zombie (Depths:2)
  A deep elf elementalist (Elf:3)
  Louise (D:14)
  A draconian stormcaller (Zot:3)
  A reaper (Abyss:4)
  6 spriggan defenders (Depths:3)
  9 draconian annihilators
  27 stone giants
  9 ironheart preservers
  4 war gargoyles
  47 very ugly things
  A ghoul (Vaults:1)
  12 green draconians
  2 entropy weavers
  A lorocyproca (Depths:1)
  5 deep elf demonologists
  5 black draconians
  8 white draconians
  4 vampire knights
  10 red draconians
  26 yellow draconians
  7 purple draconians
  11 deep elf annihilators
  A minotaur (shapeshifter) (Vaults:5)
  4 spark wasps (Depths:3)
  A blizzard demon (Abyss:4)
  A minotaur (Gauntlet)
  22 ettins
  2 eidola
  5 merfolk javelineers
  8 deep elf death magi
  7 merfolk impalers
  7 great orbs of eyes
  8 fire dragons
  14 yaktaur captains
  3 green deaths (Abyss:4)
  A quicksilver dragon skeleton (Abyss:5)
  5 deep elf high priests
  7 ice dragons
  7 naga warriors
  12 rakshasas
  43 vault guards
  7 spriggan air magi
  Harold (D:7)
  3 death knights
  3 catoblepae
  8 hydras
  An anaconda (shapeshifter) (Depths:4)
  A hell beast (Depths:2)
  An alligator snapping turtle (Shoals:2)
  A merfolk avatar (Shoals:1)
  6 anacondas
  21 centaur warriors
  15 death yaks
  4 merfolk aquamancers
  57 two-headed ogres
  A satyr (Abyss:5)
  6 deep troll earth magi
  3 deep troll shamans
  19 ogre magi
  A vampire mage (Depths:3)
  Urug (Lair:4)
  24 dancing weapons
  A shock serpent (shapeshifter) (Vaults:2)
  4 spriggan berserkers
  3 tengu warriors
  12 salamanders
  3 soul eaters
  2 orc high priests
  32 large abominations
  18 naga sharpshooters
  Sonja (D:13)
  7 wretched stars
  20 thrashing horrors
  4 shock serpents
  16 deep elf knights
  5 shadow wraiths
  6 sun demons
  A fire crab (shapeshifter) (Depths:3)
  7 sixfirhies
  4 unseen horrors
  9 hell knights
  A spectral anaconda (Depths:4)
  5 iron trolls
  14 skeletal warriors
  A salamander mystic (Snake:2)
  15 deep trolls
  2 death drakes (Depths:4)
  14 sea snakes
  5 flayed ghosts
  2 spatial maelstroms (Abyss:5)
  An unseen horror (shapeshifter) (Vaults:4)
  A torturous demonspawn (Depths:1)
  10 glowing orange brains
  13 deep elf archers
  Pikel (D:7)
  3 naga ritualists
  17 orc knights
  2 orange crystal statues
  13 ironbrand convokers
  5 wizards
  15 harpies
  4 necromancers
  9 mana vipers
  6 phantasmal warriors
  2 golden dragon skeletons (Depths:2)
  5 orc sorcerers
  A wolf spider (Vaults:4)
  A frost giant zombie (Vaults:4)
  75 deep elf magi
  39 ugly things
  An orb spider (Abyss:4)
  6 manticores
  5 worldbinders
  9 cyclopes
  8 fauns
  8 merfolk sirens
  24 moths of wrath
  2 oklob plants (Zot:2)
  A fire giant zombie (Depths:2)
  A rust devil (Depths:2)
  3 guardian serpents
  21 naga magi
  3 apocalypse crabs (Abyss:4)
  2 orange demons
  A stone giant skeleton (Vaults:1)
  6 water nymphs
  13 smoke demons
  A frost giant skeleton (Depths:2)
  25 black mambas
  2 eyes of devastation
  22 spiny frogs
  22 vault sentinels
  54 yaktaurs
  2 rime drakes
  A komodo dragon (shapeshifter) (Abyss:4)
  4 komodo dragons
  2 anaconda simulacra
  11 freezing wraiths
  3 hellions
  3 ice devils
  3 efreet
  A redback zombie (D:13)
  2 demonic crawlers
  3 hellwings (Abyss:4)
  9 red devils
  13 polar bears
  A meliai (shapeshifter) (Vaults:4)
  19 merfolk
  A spriggan skeleton (Depths:2)
  6 trolls
  9 ancient zymes
  A queen bee (shapeshifter) (Vaults:4)
  3 tengu conjurers
  Grinder (D:3)
  5 tyrant leeches (Lair:6)
  A hornet (shapeshifter) (D:15)
  4 wind drakes
  30 slime creatures
  13 snapping turtles
  A raiju (shapeshifter) (Vaults:4)
  Prince Ribbit (D:5)
  15 hornets
  A blink frog (shapeshifter) (Abyss:4)
  34 blink frogs
  28 raiju
  2 hippogriffs (shapeshifter)
  6 dream sheep
  A dream sheep (shapeshifter) (Abyss:4)
  5 air elementals
  13 hippogriffs
  Sigmund (D:3)
  8 spriggans
  A vampire (Depths:4)
  10 wraiths
  4 ynoxinuls
  12 shadows
  56 starcursed masses
  24 water elementals
  3 fire elementals (Elf:1)
  A redback (shapeshifter) (Vaults:1)
  The ghost of eccles the Chopper, an amateur MiBe of Trog (D:3)
  A golden eye (shapeshifter) (Vaults:4)
  3 hogs (Lair:5)
  33 yaks
  A hog (shapeshifter) (Vaults:4)
  A basilisk (Lair:2)
  4 wyverns
  5 hungry ghosts
  2 golden eyes (Abyss:4)
  5 chaos spawn
  7 neqoxecs
  A steam dragon (D:9)
  6 vampire mosquitoes (Lair:6)
  11 wargs
  A yaktaur simulacrum (Vaults:2)
  Edmund (D:5)
  60 nagas
  A soldier ant (shapeshifter) (D:15)
  A spatial vortex (Abyss:5)
  5 hell hounds
  Duvessa (D:4)
  4 acid dragons
  An ogre zombie (Vaults:1)
  11 water moccasins
  3 hydra simulacra (Depths:4)
  5 spectral spriggans (Depths:4)
  8 porcupines
  A spectral troll (Depths:4)
  3 floating eyes
  8 ice beasts
  43 orc warriors
  A sky beast (shapeshifter) (Vaults:3)
  4 sky beasts
  5 black bears
  2 hornet zombies
  An eye of draining (D:9)
  A tengu (shapeshifter) (Vaults:4)
  A necrophage (D:5)
  40 centaurs
  2 phantoms
  9 boggarts
  10 wolves
  51 ogres
  An elf simulacrum (Vaults:1)
  8 big kobolds
  11 crocodiles
  Blork the orc (D:4)
  An elf zombie (Ossuary)
  26 bullfrogs
  A merfolk simulacrum (Depths:4)
  A glowing shapeshifter simulacrum (Vaults:1)
  2 gnoll sergeants
  A deep troll simulacrum (Vaults:2)
  8 small abominations
  3 earth elementals
  4 scorpions
  Dowan (D:4)
  4 spectral nagas (Depths:4)
  5 killer bees (D:7)
  An orc simulacrum (Vaults:2)
  4 spectral ogres (Depths:4)
  23 wights
  3 electric eels
  7 crimson imps
  6 howler monkeys
  2 bullfrog zombies
  2 centaur zombies
  A human simulacrum (Vaults:4)
  4 human zombies
  4 quasits
  25 jellies
  36 orc wizards
  17 orc priests
  13 hounds
  An iron imp (Depths:3)
  4 centaur skeletons
  2 iguanas
  Ijyb (D:3)
  Terence (D:3)
  12 worker ants
  A big kobold zombie (Ossuary)
  A centaur simulacrum (Depths:4)
  2 hound zombies (Ossuary)
  3 mummies (Ossuary)
  Robin (D:3)
  5 gnolls (D:6)
  A worker ant zombie (D:10)
  10 adders
  5 shadow imps
  4 white imps
  An ufetubus (D:4)
  4 oozes
  7 adder zombies (Ossuary)
  A worm (D:6)
  A dart slug (D:4)
  7 leopard geckos
  100 orcs
  2 ball pythons
  8 bats
  2 giant cockroaches
  19 goblins
  8 hobgoblins
  6 jackals
  16 kobolds
  7 quokkas
  5 frilled lizards
  4 goblin zombies (Ossuary)
  3 hobgoblin zombies (Ossuary)
  A jackal skeleton (D:4)
  2 kobold zombies (Ossuary)
  3 orc zombies (Ossuary)
  7 quokka zombies
  8 rats
  4 rat zombies (Ossuary)
  5 crawling corpses (Elf:3)
  3 fungi
  13 plants
  7 starspawn tentacles
  3 tentacles (Shoals:3)
2748 creatures vanquished.

Vanquished Creatures (collateral kills)
  An ancient lich (Zot:5)
  Saint Roka (Snake:2)
  3 acid blobs (Zot:2)
  A draconian monk (Zot:1)
  A tengu reaver (Vaults:3)
  3 nagarajas (Snake:4)
  3 draconian knights (Zot:3)
  A draconian scorcher (Zot:1)
  A ghoul (Vaults:1)
  A draconian shifter (Zot:3)
  A yellow draconian (Zot:1)
  A red draconian (Zot:3)
  2 ogre magi (Orc:2)
  A spriggan air mage (Depths:4)
  A naga warrior (Snake:4)
  2 two-headed ogres (Orc:2)
  An anaconda (Snake:2)
  3 dancing weapons
  A naga sharpshooter (Snake:4)
  2 shock serpents
  A spriggan (Depths:3)
  A deep elf knight (Elf:2)
  A naga ritualist (Snake:2)
  3 harpies (Vaults:4)
  2 deep elf magi (Elf:1)
  A cyclops (Vaults:1)
  2 black mambas (Snake:2)
  A naga mage (Snake:4)
  A hornet (Depths:3)
  A water elemental (Elf:2)
  5 nagas (Snake:4)
  3 orc warriors (Snake:2)
  9 ogres (Orc:2)
  3 orc priests
  An orc wizard (Snake:2)
  2 orcs (Snake:2)
68 creatures vanquished.

Vanquished Creatures (others)
  An Orb Guardian (Zot:5)
  A deep elf blademaster (Elf:3)
  A tengu reaver (Vaults:5)
  A draconian knight (Zot:4)
  A vault warden (Vaults:5)
  A draconian shifter (Zot:2)
  2 stone giants (Vaults:5)
  2 rakshasas (Abyss:4)
  A wretched star (Abyss:4)
  A necromancer (Vaults:1)
  A fire giant skeleton (Abyss:4)
  2 yaktaurs (Vaults:5)
  A hellwing (Abyss:4)
  A merfolk (Shoals:4)
  A slime creature (Abyss:5)
  2 water elementals
  An insubstantial wisp (Abyss:4)
  A large abomination (Abyss:4)
  2 slaves (D:7)
  A sky beast (D:11)
  A starcursed mass (Abyss:4)
  A big kobold (D:7)
  2 small abominations (Abyss:4)
  A hound (D:7)
  A jelly (Abyss:4)
  A crawling corpse (Elf:3)
  12 fungi
  A lurking horror (Abyss:4)
  53 plants
  50 starspawn tentacles
  A tentacle (Shoals:3)
149 creatures vanquished.

Grand Total: 2965 creatures vanquished

Notes
Turn   | Place    | Note
-------+----------+-------------------------------------------
     0 | D:1      | farkougg the Minotaur Berserker began the quest for the
                  | Orb.
     0 | D:1      | Reached XP level 1. HP: 19/19 MP: 0/0
   113 | D:1      | Reached XP level 2. HP: 21/27 MP: 1/1
   971 | D:2      | Reached XP level 3. HP: 33/33 MP: 2/2
  1096 | D:2      | Found a white marble altar of Elyvilon.
  1104 | D:2      | Found a hide-covered altar of Uskayaw.
  1341 | D:2      | Found a white marble altar of Elyvilon.
  1510 | D:2      | Found a hazy altar of Hepliaklqana.
  1513 | D:2      | Found a deep blue altar of Sif Muna.
  1516 | D:2      | Found a burning altar of Makhleb.
  1519 | D:2      | Found a stormy altar of Qazlal.
  1909 | D:3      | Noticed Ijyb
  1924 | D:3      | Paralysed by Ijyb for 7 turns
  1944 | D:3      | Paralysed by Ijyb for 7 turns
  1957 | D:3      | Killed Ijyb
  1961 | D:3      | Reached ** piety under Trog
  1962 | D:3      | Reached skill level 1 in Shields
  2001 | D:3      | Found a runed translucent gate.
  2001 | D:3      | Found a runed translucent gate.
  2002 | D:3      | Found a runed translucent gate.
  2003 | D:3      | Noticed eccles's ghost (amateur MiBe)
  2004 | D:3      | Noticed an ice beast
  2017 | D:3      | Reached XP level 4. HP: 36/40 MP: 3/3
  2053 | D:3      | Noticed Robin
  2088 | D:3      | Killed Robin
  2088 | D:3      | Reached skill level 5 in Axes
  2108 | D:3      | Noticed Terence
  2124 | D:3      | Killed Terence
  2323 | D:3      | Noticed Grinder
  2355 | D:3      | Reached XP level 5. HP: 42/47 MP: 4/4
  2360 | D:3      | Killed Grinder
  2360 | D:3      | Reached skill level 5 in Fighting
  2360 | D:3      | Reached XP level 6. HP: 51/56 MP: 5/5
  2452 | D:3      | Noticed Sigmund
  2509 | D:3      | Killed Sigmund
  2509 | D:3      | Reached XP level 7. HP: 56/61 MP: 6/6
  2808 | D:3      | Killed eccles's ghost
  2808 | D:3      | Reached skill level 5 in Armour
  2934 | D:4      | Noticed Duvessa
  2934 | D:4      | Noticed Dowan
  2991 | D:4      | Killed Dowan
  3000 | D:4      | Killed Duvessa
  3000 | D:4      | Reached XP level 8. HP: 63/70 MP: 7/7
  3322 | D:4      | Found Rorasun's Magic Scroll Shop.
  3333 | D:4      | Bought a scroll of blinking for 105 gold pieces
  3333 | D:4      | Bought a scroll of teleportation for 42 gold pieces
  3702 | D:4      | Noticed Blork the orc
  3712 | D:4      | Killed Blork the orc
  3712 | D:4      | Reached skill level 5 in Shields
  3814 | D:5      | Entered Level 5 of the Dungeon
  4030 | D:5      | Noticed Prince Ribbit
  4045 | D:5      | Killed Prince Ribbit
  4236 | D:5      | Noticed Edmund
  4268 | D:5      | Killed Edmund
  4271 | D:5      | Reached *** piety under Trog
  4404 | D:6      | Reached XP level 9. HP: 79/79 MP: 8/8
  4449 | D:6      | Found an ornate altar of the Wu Jian Council.
  4547 | D:6      | Gained mutation: You are clumsy. (Dex -2) [potion of
                  | mutation]
  4547 | D:6      | Gained mutation: You have a somewhat thin skeletal
                  | structure. (Dex +2, Stealth) [potion of mutation]
  5170 | D:6      | Reached skill level 10 in Axes
  5555 | D:6      | Found an iron altar of Okawaru.
  5616 | D:7      | Noticed Pikel
  5643 | D:7      | Killed Pikel
  5690 | D:7      | Reached XP level 10. HP: 49/91 MP: 9/9
  5710 | D:7      | Found a staircase to the Ecumenical Temple.
  5735 | D:7      | Noticed Harold
  5840 | D:7      | Killed Harold
  5848 | D:7      | Reached **** piety under Trog
  6329 | D:7      | Found a sand-covered staircase.
  6335 | Ossuary  | Entered an ossuary
  6949 | D:8      | Reached ***** piety under Trog
  7020 | D:8      | Found a sacrificial altar of Ru.
  7198 | D:8      | You fall through a shaft!
  7260 | D:9      | Found a staircase to the Lair.
  7274 | D:9      | Reached skill level 10 in Fighting
  7393 | D:9      | Reached skill level 1 in Throwing
  7434 | D:9      | Noticed a two-headed ogre
  7441 | D:9      | Killed a two-headed ogre
  7441 | D:9      | Reached skill level 10 in Armour
  7445 | D:9      | Reached XP level 11. HP: 101/101 MP: 10/10
  7447 | D:9      | Received a gift from Trog
  7962 | D:9      | Found a shattered altar of Ashenzari.
  8038 | D:9      | Got a crude ring mail
  8043 | D:9      | Identified the Papyrus of Execration
  8129 | D:9      | Identified the cursed +1 ring mail "Osueror" {MP+9 Str-4
                  | Int+8} (You found it on level 9 of the Dungeon)
  8195 | D:10     | Entered Level 10 of the Dungeon
  8348 | D:10     | Reached skill level 10 in Shields
  8372 | D:10     | Noticed a three-headed hydra
  8379 | D:10     | Killed a one-headed hydra
  8539 | D:10     | Noticed a two-headed ogre
  8544 | D:10     | Killed a two-headed ogre
  8593 | D:10     | Got a coiled jade ring
  8595 | D:10     | Identified the ring of Qaky {Fire rElec Int+2 Stlth-} (You
                  | found it on level 10 of the Dungeon)
  9037 | D:11     | Received a gift from Trog
  9209 | D:11     | Noticed a deep elf mage
  9209 | D:11     | Noticed a deep elf mage
  9214 | D:11     | Killed a deep elf mage
  9218 | D:11     | Killed a deep elf mage
  9227 | D:11     | Noticed a deep elf mage
  9229 | D:11     | Received a gift from Trog
  9232 | D:11     | Noticed a deep elf mage
  9242 | D:11     | Killed a deep elf mage
  9245 | D:11     | Killed a deep elf mage
  9260 | D:11     | Reached XP level 12. HP: 79/110 MP: 11/11
  9312 | D:11     | Reached skill level 5 in Throwing
  9335 | D:11     | Found a deep blue altar of Sif Muna.
  9574 | D:11     | Noticed a deep elf sorcerer
  9581 | D:11     | Killed a deep elf sorcerer
  9849 | D:11     | Identified the Compendium of Orientation and Augmentations
 10265 | D:12     | Noticed a two-headed ogre
 10272 | D:12     | Killed a two-headed ogre
 10309 | D:12     | Found Hienuot's Jewellery Shop.
 10539 | D:12     | Received a gift from Trog
 10576 | D:12     | Noticed a two-headed ogre
 10582 | D:12     | Killed a two-headed ogre
 10707 | D:12     | Found a staircase to the Orcish Mines.
 11196 | D:13     | Found a gate to the Vaults.
 11196 | D:13     | Noticed an ironheart preserver
 11211 | D:13     | Killed an ironheart preserver
 11211 | D:13     | Reached XP level 13. HP: 105/119 MP: 12/12
 11509 | D:13     | Noticed Sonja
 11538 | D:13     | Killed Sonja
 12145 | D:14     | Received a gift from Trog
 12458 | D:14     | Found an opulent altar of Gozag.
 12792 | D:14     | Noticed Louise
 12811 | D:14     | Killed Louise
 12883 | D:14     | Found Ugieg's Antique Weapon Emporium.
 13069 | D:15     | Entered Level 15 of the Dungeon
 13816 | D:15     | Noticed a fire dragon
 13824 | D:15     | Noticed a fire dragon
 13842 | D:15     | Killed a fire dragon
 13844 | D:15     | Killed a fire dragon
 14002 | D:15     | Found a staircase to the Depths.
 14224 | Lair:1   | Entered Level 1 of the Lair of Beasts
 14693 | Lair:1   | Found a burning altar of Makhleb.
 14932 | Lair:1   | Reached XP level 14. HP: 132/132 MP: 13/13
 15076 | Lair:2   | Found a staircase to the Snake Pit.
 15112 | Lair:2   | You fall through a shaft!
 15298 | Lair:3   | Found a gate leading to a gauntlet.
 15313 | Lair:3   | Reached skill level 15 in Axes
 15321 | Gauntlet | Entered a Gauntlet
 15321 | Gauntlet | Found a transporter.
 15321 | Gauntlet | Found a transporter.
 15321 | Gauntlet | Found a transporter.
 15321 | Gauntlet | Noticed a cacodemon
 15325 | Gauntlet | Found a transporter.
 15326 | Gauntlet | Found a transporter.
 15336 | Gauntlet | Found a transporter.
 15343 | Gauntlet | Found a transporter.
 15347 | Gauntlet | Found a transporter.
 15351 | Gauntlet | Found a transporter.
 15367 | Gauntlet | Found a transporter.
 15452 | Gauntlet | Found a transporter.
 15494 | Gauntlet | Found a transporter.
 15562 | Gauntlet | Killed a cacodemon
 15574 | Gauntlet | Got a smoking marble ring
 15582 | Gauntlet | Identified the ring "Mogudeefu" {rF- rC+ rN+ Str+3 SInv}
                  | (You found it in a Gauntlet)
 15719 | Gauntlet | Identified the Grimoire of the Traveller
 16515 | Lair:4   | Received a gift from Trog
 16704 | Lair:4   | Got a twisted chain mail
 16705 | Lair:4   | Identified the cursed +1 chain mail of the Fisher {-Tele
                  | rPois Str-3 Stlth+} (You found it on level 4 of the Lair of
                  | Beasts)
 17008 | Lair:4   | Noticed Urug
 17024 | Lair:4   | Killed Urug
 17066 | Lair:4   | Found a staircase to the Shoals.
 17366 | Lair:5   | Noticed Kirke
 17382 | Lair:5   | Killed Kirke
 17540 | Lair:5   | Found a staircase to the Slime Pits.
 17885 | Lair:5   | Reached skill level 15 in Fighting
 18386 | Orc:1    | Entered Level 1 of the Orcish Mines
 18434 | Orc:1    | Found a roughly hewn altar of Beogh.
 18585 | Orc:1    | Reached ****** piety under Trog
 18623 | Orc:1    | Found a runed translucent door.
 18978 | Orc:1    | Found a roughly hewn altar of Beogh.
 18995 | Orc:1    | Got a pair of distressingly furry boots
 18996 | Orc:1    | Identified the +0 pair of boots of Ringi {Dex+2} (You found
                  | it on level 1 of the Orcish Mines)
 19080 | Orc:2    | Entered Level 2 of the Orcish Mines
 19084 | Orc:2    | Received a gift from Trog
 19230 | Orc:2    | Found a staircase to the Elven Halls.
 19254 | Orc:2    | Reached skill level 15 in Armour
 19281 | Orc:2    | Received a gift from Trog
 19335 | Orc:2    | Found Caygimos's Antique Weapon Emporium.
 19382 | Orc:2    | Received a gift from Trog
 19387 | Orc:2    | Reached XP level 15. HP: 64/141 MP: 14/14
 19740 | Orc:2    | Reached skill level 15 in Shields
 19802 | Orc:2    | Found Sophuchi's Book Shop.
 19802 | Orc:2    | Found Yxuerir's Weapon Shoppe.
 19804 | Orc:2    | Found Ysyu's Antique Weapon Emporium.
 19804 | Orc:2    | Found Xetoyrag's Antique Armour Shop.
 20910 | Snake:1  | Entered Level 1 of the Snake Pit
 21012 | Snake:1  | Received a gift from Trog
 22102 | Snake:2  | Reached skill level 5 in Dodging
 22854 | Snake:2  | Received a gift from Trog
 23343 | Snake:2  | Noticed Saint Roka
 23372 | Snake:2  | Killed Saint Roka
 23372 | Snake:2  | Reached XP level 16. HP: 109/154 MP: 15/15
 24677 | Snake:4  | Entered Level 4 of the Snake Pit
 24832 | Snake:4  | Received a gift from Trog
 25528 | Snake:4  | Noticed Aizul
 25536 | Snake:4  | Killed Aizul
 25578 | Snake:4  | Reached skill level 10 in Throwing
 27233 | Snake:4  | Reached skill level 10 in Dodging
 27240 | Snake:4  | Received a gift from Trog
 27393 | Snake:4  | Got a serpentine rune of Zot
 27581 | Lair:6   | Entered Level 6 of the Lair of Beasts
 27615 | Lair:6   | Reached XP level 17. HP: 126/165 MP: 16/16
 27633 | Lair:6   | Received a gift from Trog
 27936 | Lair:6   | Received a gift from Trog
 28541 | Shoals:1 | Entered Level 1 of the Shoals
 28846 | Shoals:1 | Reached skill level 1 in Evocations
 29246 | Shoals:2 | Received a gift from Trog
 29556 | Shoals:2 | You fall through a shaft!
 29982 | Shoals:3 | Noticed a kraken
 29995 | Shoals:3 | Killed a kraken
 30214 | Shoals:3 | Noticed Jorgrun
 30836 | Shoals:3 | Killed Jorgrun
 30926 | Shoals:4 | Entered Level 4 of the Shoals
 31762 | Shoals:4 | Received a gift from Trog
 31837 | Shoals:4 | Reached XP level 18. HP: 155/176 MP: 17/20
 31962 | Shoals:4 | Reached skill level 5 in Evocations
 32244 | Shoals:4 | Got a barnacled rune of Zot
 32916 | Elf:1    | Entered Level 1 of the Elven Halls
 33343 | Elf:1    | Received a gift from Trog
 33786 | Elf:1    | Found Fitetug's Antique Weapon Boutique.
 34927 | Elf:2    | Received a gift from Trog
 35061 | Elf:2    | Found a huge runed translucent gate.
 35061 | Elf:2    | Found a huge runed translucent gate.
 35061 | Elf:2    | Found a huge runed translucent gate.
 35061 | Elf:2    | Found a huge runed translucent gate.
 35067 | Elf:2    | Found a huge runed translucent gate.
 35145 | Elf:2    | Received a gift from Trog
 35153 | Elf:2    | Found Kiuseuf's Weapon Shop.
 35165 | Elf:2    | Found Zof Fups's Gadget Boutique.
 35165 | Elf:2    | Found Amant's Jewellery Shoppe.
 35167 | Elf:2    | Found Qegroi's Gadget Boutique.
 35182 | Elf:2    | Bought the cursed ring "Nemeibyz" {rC+ MR++ EV-2} for 264
                  | gold pieces
 35186 | Elf:2    | Bought a wand of iceblast (4) for 136 gold pieces
 35186 | Elf:2    | Bought a wand of iceblast (7) for 187 gold pieces
 35554 | Elf:2    | Gained mutation: You are frail. (-10% HP) [a neqoxec]
 35632 | Elf:2    | Lost mutation: You are clumsy. (Dex -2) [potion of
                  | mutation]
 35632 | Elf:2    | Lost mutation: You are frail. (-10% HP) [potion of
                  | mutation]
 35632 | Elf:2    | Lost mutation: You have a somewhat thin skeletal structure.
                  | (Dex +2, Stealth) [potion of mutation]
 35632 | Elf:2    | Gained mutation: Your muscles are strong. (Str +2) [potion
                  | of mutation]
 35632 | Elf:2    | Gained mutation: You possess an exceptional clarity of
                  | mind. [potion of mutation]
 35632 | Elf:2    | Gained mutation: You are partially covered in thin metallic
                  | scales. (AC +2) [potion of mutation]
 35632 | Elf:2    | Gained mutation: Your muscles are very strong. (Str +4)
                  | [potion of mutation]
 36232 | Elf:2    | Received a gift from Trog
 36589 | Elf:3    | Entered Level 3 of the Elven Halls
 36650 | Elf:3    | Found Fafuraumn's Gadget Emporium.
 36650 | Elf:3    | Found Vokhil's Book Shoppe.
 36684 | Elf:3    | Bought a wand of digging (6) for 380 gold pieces
 36684 | Elf:3    | Bought a wand of iceblast (8) for 228 gold pieces
 36970 | Elf:3    | Reached XP level 19. HP: 185/185 MP: 7/23
 37407 | Elf:3    | Received a gift from Trog
 37928 | Elf:3    | Got an ancient lead amulet
 38025 | Elf:3    | Identified the +6 war axe "Peosuyd" {chop, +Inv rElec Int-2
                  | SInv}
 38085 | Elf:3    | Received a gift from Trog
 38125 | Elf:3    | Identified the Catalogue of Gliding Unholy Arts
 38249 | Elf:3    | Got a slimy ring mail
 38349 | Elf:3    | Bought a wand of iceblast (8) for 228 gold pieces
 38400 | Elf:2    | Bought a wand of acid (7) for 374 gold pieces
 38454 | Elf:2    | Identified the +4 ring mail "Ceyzo" {Slay+3} (You found it
                  | on level 3 of the Elven Halls)
 38456 | Elf:2    | Identified the amulet "Ymoa" {*Corrode rF+++ Regen+ Dex+3
                  | Stlth+} (You found it on level 3 of the Elven Halls)
 38595 | Vaults:1 | Entered Level 1 of the Vaults
 38901 | Vaults:1 | Paralysed by a sphinx for 2 turns
 38910 | Vaults:1 | Received a gift from Trog
 40586 | Vaults:2 | Reached XP level 20. HP: 198/198 MP: 25/25
 40609 | Vaults:2 | Received a gift from Trog
 40899 | Vaults:2 | Received a gift from Trog
 41005 | Vaults:2 | Found a staircase to the Crypt.
 41068 | Vaults:2 | Reached skill level 15 in Dodging
 41094 | Vaults:2 | Received a gift from Trog
 41498 | Vaults:2 | Received a gift from Trog
 41788 | Vaults:2 | Noticed Xtahua
 42510 | Vaults:1 | Killed Xtahua
 43177 | Vaults:3 | Received a gift from Trog
 43261 | Vaults:3 | Reached XP level 21. HP: 89/206 MP: 11/26
 43702 | Vaults:3 | Identified the Volume of Dusty Contamination
 43720 | Vaults:3 | Got a dazzling plate armour
 43727 | Vaults:3 | Identified the +1 plate armour of Sif Muna's Supremacy
                  | {rC+} (You found it on level 3 of the Vaults)
 43959 | Vaults:3 | Received a gift from Trog
 44185 | Vaults:3 | Received a gift from Trog
 44569 | Vaults:4 | Found Wamerr's Assorted Antiques.
 44591 | Vaults:4 | Received a gift from Trog
 44634 | Vaults:4 | Found Ukovixt's Gadget Shoppe.
 44648 | Vaults:4 | Bought a scroll labeled IQEZOS UKHU for 34 gold pieces
 44648 | Vaults:4 | Bought a potion of curing for 102 gold pieces
 44648 | Vaults:4 | Bought a scroll of magic mapping for 119 gold pieces
 44650 | Vaults:4 | Got a pair of encrusted gloves
 44651 | Vaults:4 | Identified the +2 pair of gloves "Kyedghank" {*Contam rCorr
                  | Int+10 Dex-4} (You acquired it on level 4 of the Vaults)
 45149 | Vaults:4 | Noticed Margery
 45196 | Vaults:4 | Killed Margery
 45237 | Vaults:4 | Received a gift from Trog
 46536 | Depths:1 | Entered Level 1 of the Depths
 46593 | D:15     | Reached XP level 22. HP: 211/217 MP: 27/27
 46756 | Depths:1 | Found a gateway to Hell.
 46956 | Depths:1 | Found a one-way gate to the infinite horrors of the Abyss.
 47004 | Depths:1 | Received a gift from Trog
 47028 | Depths:1 | Found a one-way gate leading to the halls of Pandemonium.
 47253 | Depths:1 | Received a gift from Trog
 47680 | Depths:2 | Received a gift from Trog
 47688 | Depths:2 | Noticed Bai Suzhen
 47708 | Depths:1 | Killed Bai Suzhen
 47948 | Depths:2 | Paralysed by a floating eye for 2 turns
 48306 | Depths:2 | Received a gift from Trog
 48631 | Depths:2 | Noticed a juggernaut
 48692 | Depths:2 | Killed a juggernaut
 48942 | Depths:2 | Cast into level 4 of the Abyss (a distortion unwield)
 49038 | Abyss:4  | Reached XP level 23. HP: 221/227 MP: 26/28
 49330 | Abyss:4  | Received a gift from Trog
 49544 | Abyss:4  | Paralysed by accursed screaming for 1 turns
 49792 | Abyss:4  | HP: 11/229 [starcursed mass/accursed screaming (11)]
 49991 | Abyss:4  | Received a gift from Trog
 50163 | Abyss:4  | Paralysed by accursed screaming for 1 turns
 50167 | Abyss:4  | Received a gift from Trog
 50348 | Abyss:4  | Got a transparent silver amulet
 50354 | Abyss:4  | Identified the amulet of Lakow {Spirit MR+} (You found it
                  | on level 4 of the Abyss)
 50356 | Abyss:4  | Found a corrupted altar of Lugonu.
 50731 | Abyss:5  | Entered Level 5 of the Abyss
 50731 | Abyss:5  | Entered Level 5 of the Abyss
 51208 | Abyss:5  | Paralysed by accursed screaming for 1 turns
 51265 | Abyss:5  | Gained mutation: You are agile. (Dex +2) [a neqoxec]
 51366 | Abyss:5  | Received a gift from Trog
 51449 | Abyss:5  | Received a gift from Trog
 51485 | Abyss:5  | Paralysed by accursed screaming for 1 turns
 51655 | Abyss:5  | Found a shimmering altar of Xom.
 51659 | Abyss:5  | Reached XP level 24. HP: 88/240 MP: 28/28
 51661 | Abyss:5  | Found a shimmering altar of Xom.
 51661 | Abyss:5  | Found a shimmering altar of Xom.
 51661 | Abyss:5  | Found a shimmering altar of Xom.
 51662 | Abyss:5  | Found a shimmering altar of Xom.
 51662 | Abyss:5  | Found a shimmering altar of Xom.
 51662 | Abyss:5  | Found a corrupted altar of Lugonu.
 51662 | Abyss:5  | Found a shimmering altar of Xom.
 51675 | Abyss:5  | Found a shimmering altar of Xom.
 51676 | Abyss:5  | Found a shimmering altar of Xom.
 51677 | Abyss:5  | Found a shimmering altar of Xom.
 51677 | Abyss:5  | Found a shimmering altar of Xom.
 51678 | Abyss:5  | Found a shimmering altar of Xom.
 51678 | Abyss:5  | Found a shimmering altar of Xom.
 51678 | Abyss:5  | Found a shimmering altar of Xom.
 51678 | Abyss:5  | Found a shimmering altar of Xom.
 51694 | Abyss:5  | Found a shimmering altar of Xom.
 51695 | Abyss:5  | Found a shimmering altar of Xom.
 51758 | Depths:2 | Escaped the Abyss
 52372 | Depths:2 | You fall through a shaft!
 52704 | Depths:3 | Received a gift from Trog
 52815 | Depths:3 | Paralysed by a floating eye for 4 turns
 52960 | Depths:3 | Received a gift from Trog
 52992 | Depths:3 | Got an iridescent war axe {god gift}
 52995 | Depths:3 | Identified the +11 war axe "Atukuta" {vamp, rC+} (Trog
                  | gifted it to you on level 3 of the Depths)
 53620 | Depths:3 | Found a gateway to a ziggurat.
 53761 | Depths:3 | Found Xouh's Antique Armour Shop.
 53787 | Depths:3 | Received a gift from Trog
 54764 | Depths:3 | Received a gift from Trog
 54777 | Depths:3 | Reached XP level 25. HP: 253/253 MP: 28/28
 55182 | Depths:2 | Received a gift from Trog
 55479 | Depths:4 | Received a gift from Trog
 55762 | Depths:4 | Received a gift from Trog
 55765 | Depths:4 | Got a fine broad axe {god gift}
 55766 | Depths:4 | Identified the +11 broad axe of Death {venom, Int+3 Dex+2}
                  | (Trog gifted it to you on level 4 of the Depths)
 56084 | Depths:4 | Noticed an ancient lich
 56100 | Depths:4 | Killed an ancient lich
 56791 | Depths:4 | Paralysed by a floating eye for 2 turns
 56868 | Depths:5 | Entered Level 5 of the Depths
 56993 | Depths:5 | Noticed Jory
 57009 | Depths:5 | Killed Jory
 57068 | Depths:5 | Found a gateway to a bazaar.
 57077 | Bazaar   | Entered a bazaar
 57077 | Bazaar   | Found Jeanorhu's Assorted Antiques.
 57077 | Bazaar   | Found Nyunij's Gadget Shoppe.
 57077 | Bazaar   | Found Lestrismo's Jewellery Shop.
 57079 | Bazaar   | Found Geas's Armour Emporium.
 57100 | Bazaar   | Bought a wand of iceblast (11) for 255 gold pieces
 57109 | Bazaar   | Bought a scroll of teleportation for 84 gold pieces
 57109 | Bazaar   | Bought a potion of haste for 280 gold pieces
 57109 | Bazaar   | Bought a scroll of silence for 210 gold pieces
 57109 | Bazaar   | Bought a potion of might for 112 gold pieces
 57112 | Bazaar   | Bought a cursed amulet of inaccuracy for 16 gold pieces
 57112 | Bazaar   | Bought a +2 amulet of reflection for 60 gold pieces
 57460 | Depths:5 | Received a gift from Trog
 57461 | Depths:5 | Got a smoking broad axe {god gift}
 57703 | Depths:5 | Identified the +6 broad axe of the Princes {chop, +Blink
                  | rElec Str+4 Dex-2} (Trog gifted it to you on level 5 of the
                  | Depths)
 57713 | Depths:5 | Found a gate to the Realm of Zot.
 58150 | Vaults:5 | Entered Level 5 of the Vaults
 58174 | Vaults:5 | Received a gift from Trog
 58202 | Vaults:5 | Received a gift from Trog
 58271 | Vaults:5 | Reached XP level 26. HP: 226/264 MP: 28/28
 58395 | Vaults:5 | Reached skill level 27 in Fighting
 58417 | Vaults:5 | Identified the ring "Mifuro" {Fire MR+}
 58418 | Vaults:5 | Noticed an ancient lich
 58430 | Vaults:5 | Killed an ancient lich
 58497 | Vaults:5 | Received a gift from Trog
 58532 | Vaults:5 | Identified the +1 robe of Ruakearab {Int+4}
 58770 | Vaults:5 | Got a silver rune of Zot
 58800 | Vaults:5 | Identified the ring of Vam Qena {Fire Int+2}
 58884 | Vaults:5 | Found Voguhaz's Weapon Shoppe.
 58899 | Vaults:5 | Identified the Collected Works on Shifting Earth
 59298 | Vaults:5 | Identified a +1 pair of boots of running (You found it on
                  | level 5 of the Vaults)
 59668 | Zot:1    | Entered Level 1 of the Realm of Zot
 60063 | Zot:1    | Noticed an orb of fire
 60068 | Zot:1    | Gained mutation: You occasionally shout uncontrollably at
                  | your foes. [an orb of fire]
 60079 | Zot:1    | Gained mutation: Your magical capacity is low. (-10% MP)
                  | [an orb of fire]
 60082 | Zot:1    | Gained mutation: Scrolls take you a little longer to read.
                  | [an orb of fire]
 60087 | Zot:1    | Killed an orb of fire
 60106 | Zot:1    | Received a gift from Trog
 60615 | Zot:1    | You fall through a shaft!
 60758 | Zot:2    | Noticed an orb of fire
 60771 | Zot:2    | Gained mutation: Armour fits poorly on your strangely
                  | shaped body. [an orb of fire]
 60774 | Zot:2    | Lost mutation: Your magical capacity is low. (-10% MP) [an
                  | orb of fire]
 60777 | Zot:2    | Gained mutation: Your natural rate of healing is unusually
                  | fast. [an orb of fire]
 60786 | Zot:2    | Killed an orb of fire
 60786 | Zot:2    | Received a gift from Trog
 60894 | Zot:2    | Got an ichor-stained chain mail
 60897 | Zot:2    | Identified the +5 chain mail of Qaewoex {rPois rC+ MR+}
                  | (You found it on level 2 of the Realm of Zot)
 61104 | Zot:2    | Received a gift from Trog
 61511 | Zot:1    | Noticed an orb of fire
 61532 | Zot:1    | Gained mutation: Potions are less effective at restoring
                  | your health. [an orb of fire]
 61540 | Zot:1    | Killed an orb of fire
 61545 | Zot:1    | Reached XP level 27. HP: 189/273 MP: 28/28
 61670 | Zot:1    | Lost mutation: Armour fits poorly on your strangely shaped
                  | body. [potion of mutation]
 61670 | Zot:1    | Lost mutation: Scrolls take you a little longer to read.
                  | [potion of mutation]
 61670 | Zot:1    | Gained mutation: You are partially covered in yellow
                  | scales. (AC +2) [potion of mutation]
 63009 | Zot:2    | Received a gift from Trog
 63868 | Zot:3    | Received a gift from Trog
 64156 | Zot:3    | Found a transporter.
 64368 | Zot:3    | Found a transporter.
 64480 | Zot:3    | Reached skill level 27 in Armour
 64552 | Zot:3    | Got a slimy tin ring
 64553 | Zot:3    | Identified the ring "Irros" {rF+ MR+ Int+5} (You found it
                  | on level 3 of the Realm of Zot)
 64567 | Zot:3    | Got a glittering emerald amulet
 64568 | Zot:3    | Identified the amulet "Ledaq" {Reflect rC+ MR+ Str+3 Dex+3
                  | SH+3} (You found it on level 3 of the Realm of Zot)
 65066 | Zot:4    | Received a gift from Trog
 65138 | Zot:4    | Got a faintly humming scale mail
 65139 | Zot:4    | Identified the cursed +1 scale mail "Zora" {+Inv rF+ MR+}
                  | (You found it on level 4 of the Realm of Zot)
 65518 | Zot:5    | Entered Level 5 of the Realm of Zot
 66171 | Zot:5    | Noticed an ancient lich
 66179 | Zot:5    | Noticed an orb of fire
 66181 | Zot:5    | Gained mutation: You are frail. (-10% HP) [an orb of fire]
 66203 | Zot:5    | Gained mutation: You are occasionally teleported next to
                  | monsters. [an orb of fire]
 66451 | Zot:4    | Lost mutation: You occasionally shout uncontrollably at
                  | your foes. [potion of mutation]
 66451 | Zot:4    | Lost mutation: You are frail. (-10% HP) [potion of
                  | mutation]
 66451 | Zot:4    | Lost mutation: Your muscles are very strong. (Str +4)
                  | [potion of mutation]
 66451 | Zot:4    | Gained mutation: You are partially covered in iridescent
                  | scales. (AC +2) [potion of mutation]
 66451 | Zot:4    | Lost mutation: Your natural rate of healing is unusually
                  | fast. [potion of mutation]
 66451 | Zot:4    | Gained mutation: You have supernaturally acute eyesight.
                  | (SInv) [potion of mutation]
 66505 | Zot:5    | Gained mutation: You are frail. (-10% HP) [an orb of fire]
 66510 | Zot:4    | Gained mutation: Your magical capacity is low. (-10% MP)
                  | [an orb of fire]
 66518 | Zot:4    | Lost mutation: You are agile. (Dex +2) [an orb of fire]
 66519 | Zot:4    | Killed an orb of fire
 66520 | Zot:4    | Lost mutation: You are frail. (-10% HP) [potion of
                  | mutation]
 66520 | Zot:4    | Lost mutation: Your magical capacity is low. (-10% MP)
                  | [potion of mutation]
 66520 | Zot:4    | Lost mutation: Potions are less effective at restoring your
                  | health. [potion of mutation]
 66520 | Zot:4    | Gained mutation: Your flesh is heat resistant. (rF+)
                  | [potion of mutation]
 66671 | Zot:5    | Killed an ancient lich
 66948 | Zot:5    | Noticed an ancient lich
 66957 | Zot:5    | Noticed an orb of fire
 66960 | Zot:5    | Noticed an ancient lich
 66961 | Zot:5    | Killed an ancient lich
 66963 | Zot:5    | Noticed an orb of fire
 66965 | Zot:5    | Noticed an orb of fire
 66966 | Zot:5    | Noticed an orb of fire
 66968 | Zot:5    | Noticed an ancient lich
 66971 | Zot:5    | Noticed an ancient lich
 66971 | Zot:5    | Noticed an ancient lich
 66977 | Zot:5    | Gained mutation: You are sometimes teleported next to
                  | monsters. [an orb of fire]
 66988 | Zot:5    | Killed an orb of fire
 66991 | Zot:5    | Gained mutation: Potions are less effective at restoring
                  | your health. [an orb of fire]
 66992 | Zot:5    | Lost mutation: You have supernaturally acute eyesight.
                  | (SInv) [an orb of fire]
 66996 | Zot:5    | Killed an ancient lich
 66997 | Zot:5    | Killed an orb of fire
 67409 | Zot:5    | Killed an ancient lich
 67411 | Zot:5    | Gained mutation: You are frail. (-10% HP) [an orb of fire]
 67429 | Zot:4    | Killed an ancient lich
 67537 | Zot:4    | Killed an ancient lich
 67633 | Zot:5    | Gained mutation: You are very frail. (-20% HP) [an orb of
                  | fire]
 67643 | Zot:5    | Gained mutation: Your body sometimes deteriorates upon
                  | taking damage. [an orb of fire]
 67647 | Zot:5    | Gained mutation: Your magical capacity is low. (-10% MP)
                  | [an orb of fire]
 67652 | Zot:5    | Killed an orb of fire
 67655 | Zot:5    | Killed an orb of fire
 67905 | Zot:4    | Lost mutation: Your body sometimes deteriorates upon taking
                  | damage. [potion of mutation]
 67905 | Zot:4    | Lost mutation: You are partially covered in iridescent
                  | scales. (AC +2) [potion of mutation]
 67905 | Zot:4    | Gained mutation: You have supernaturally acute eyesight.
                  | (SInv) [potion of mutation]
 67905 | Zot:4    | Lost mutation: You are very frail. (-20% HP) [potion of
                  | mutation]
 67905 | Zot:4    | Gained mutation: You are mostly covered in yellow scales.
                  | (AC +3) [potion of mutation]
 67906 | Zot:4    | Lost mutation: Potions are less effective at restoring your
                  | health. [potion of mutation]
 67906 | Zot:4    | Lost mutation: You are frail. (-10% HP) [potion of
                  | mutation]
 67906 | Zot:4    | Gained mutation: You are frail. (-10% HP) [potion of
                  | mutation]
 67906 | Zot:4    | Gained mutation: You passively map a small area around you.
                  | [potion of mutation]
 68373 | Zot:5    | Got the Orb of Zot
 68595 | Depths:5 | Received a gift from Trog
 68845 | D:12     | Noticed a seraph
 68977 | D:4      | Noticed a seraph
 69117 | D:$      | Escaped with the Orb!

Skill      XL: |  1  2  3  4  5  6  7  8  9 10 11 12 13 14 15 16 17 18 19 20 21 22 23 24 25 26 27 |
---------------+----------------------------------------------------------------------------------+-----
Axes           | 4 5 6 8 9 10 11 12 13 14 16 18 19 20 21 | 21.0
Fighting       | 4 5 6 7 9 10 11 12 14 15 16 18 19 20 21 22 23 24 25 26 27 | 27.0
Armour         | 3 4 5 6 8 10 11 12 13 15 16 17 18 19 21 22 23 24 26 27 | 27.0
Shields        | 1 2 3 4 5 7 9 10 12 13 14 15 17 22 | 22.8
Throwing       | 2 4 6 8 10 12 | 12.0
Dodging        | 6 10 12 13 14 15 17 18 19 21 22 23 26 | 26.7
Evocations     | 4 7 8 |  8.0

Action                   |  1- 3 |  4- 6 |  7- 9 | 10-12 | 13-15 | 16-18 | 19-21 | 22-24 | 25-27 || total
-------------------------+-------+-------+-------+-------+-------+-------+-------+-------+-------++-------
Melee: Hand axe          |    96 |    82 |   334 |    38 |       |       |       |       |       ||   550
       Headbutt          |    15 |    12 |    87 |   166 |   263 |   377 |   490 |   532 |   580 ||  2522
       War axe           |       |       |       |   662 |   248 |   253 |   394 |    43 |    17 ||  1617
       Broad axe         |       |       |       |       |   844 |  1182 |  1055 |  1480 |  1576 ||  6137
 Fire: Blowgun           |       |       |       |       |       |     4 |       |       |       ||     4
Throw: Javelin           |       |     2 |    32 |    74 |   136 |     1 |       |     5 |   156 ||   406
       Tomahawk          |       |       |       |       |    96 |   208 |    68 |    73 |    30 ||   475
Invok: Trog's Hand       |       |     4 |     2 |     2 |    11 |    14 |    23 |    15 |     9 ||    80
       Berserk           |       |     1 |     2 |     3 |     2 |     4 |       |     3 |     5 ||    20
       Brothers in Arms  |       |       |       |       |     2 |    12 |     3 |     2 |    21 ||    40
 Abil: Evoke Blink       |       |       |       |       |       |       |       |       |     2 ||     2
Evoke: Wand              |       |       |     3 |    10 |    17 |    33 |    25 |     8 |    48 ||   144
       Lightning rod     |       |       |       |       |       |       |     4 |     4 |     4 ||    12
  Use: Potion            |       |       |     3 |     5 |     2 |     9 |     7 |    12 |    26 ||    64
       Scroll            |       |       |       |     5 |    20 |    18 |    28 |    22 |    23 ||   116
 Stab: Sleeping          |     1 |       |       |       |       |       |       |       |       ||     1
       Distracted        |       |       |       |       |     1 |     1 |     1 |     1 |     5 ||     9
       Invisible         |       |       |       |       |       |     2 |       |       |       ||     2
       Paralysed         |       |       |       |       |       |     2 |     2 |       |       ||     4
       Petrified         |       |       |       |       |       |       |       |     4 |       ||     4
       Petrifying        |       |       |       |       |       |       |       |     3 |       ||     3
  Eat: Ration            |     1 |       |     1 |     4 |    10 |    12 |     5 |     8 |    16 ||    57
       Chunk             |       |     4 |     8 |    16 |    16 |    15 |    25 |    10 |     8 ||   102
Armor: Animal skin       |     9 |       |       |       |       |       |       |       |       ||     9
       Chain mail        |    32 |    43 |   143 |   256 |   330 |   326 |   254 |   216 |       ||  1600
       Gold dragon scale |       |       |       |       |       |       |       |    92 |   444 ||   536
Dodge: Dodged            |    45 |    25 |   104 |   186 |   268 |   598 |   536 |   707 |   605 ||  3074
Block: Buckler           |       |       |    14 |       |       |       |       |       |       ||    14
       Shield            |       |       |   101 |   332 |   577 |   891 |   734 |   896 |  1030 ||  4561
       Reflection        |       |       |       |       |       |       |       |       |    51 ||    51
